 Dungeon Crawl Stone Soup version 0.24.1-8-ga250c9d538 (webtiles) character file.

Game seed: 1858136298359415039, levelgen mode: deterministic

26987 raph the Fighter (level 13, -4/145 HPs)
             Began as a Halfling Berserker on May 3, 2020.
             Was a Priest of Trog.
             Slain by Rupert
             ... wielding a +3 battleaxe of venom
              (27 damage)
             ... on level 5 of the Lair of Beasts.
             The game lasted 00:50:15 (19086 turns).

raph the Fighter (Halfling Berserker)              Turns: 19086, Time: 00:50:16

Health: -4/145     AC: 20    Str: 23    XL:     13   Next: 62%
Magic:  13/13      EV: 20    Int:  5    God:    Trog [***...]
Gold:   602        SH:  0    Dex: 24    Spells: 12/12 levels left

rFire    . . .     SeeInvis .   a - +6 dagger
rCold    . . .     Gourm    .   (shield restricted)
rNeg     . . .     Faith    .   e - +2 scale mail {rPois}
rPois    +         Spirit   .   J - +2 hat "Koatyas" {rPois}
rElec    .         Reflect  .   z - +0 cloak
rCorr    .         Harm     .   E - +1 pair of gloves
MR       .....                  A - +1 pair of boots
Stlth    ..........             N - amulet of the acrobat
HPRegen  0.34/turn              H - +2 ring of protection
MPRegen  0.13/turn              Q - +5 ring of dexterity

@: berserking, lethally poisoned (-4 -> -23), very quick
A: small, mutation resistance 1
a: Berserk, Trog's Hand, Renounce Religion


You were on level 5 of the Lair of Beasts.
You worshipped Trog.
Trog was most pleased with you.
You were near starving.

You visited 2 branches of the dungeon, and saw 17 of its levels.
You also visited: Ossuary.

You collected 924 gold pieces.
You spent 322 gold pieces at shops.

Inventory:

Hand Weapons
 a - a +6 dagger (weapon)
 b - a +2 hunting sling
 o - a +2 dagger of freezing
 D - a +0 rapier of speed
Missiles
 h - 14 boomerangs (quivered)
 m - 490 stones
 n - 113 sling bullets
 O - 3 throwing nets
Armour
 e - a +2 scale mail of poison resistance (worn)
 j - a +1 scale mail of cold resistance
 x - a +1 helmet
 z - a +0 cloak (worn)
 A - a +1 pair of boots (worn)
 E - a +1 pair of gloves (worn)
 F - a +0 ring mail
 J - the +2 hat "Koatyas" (worn) {rPois}
   (You acquired it on level 4 of the Lair of Beasts)

   It protects you from poison.
Jewellery
 i - an uncursed ring of resist corrosion
 y - an uncursed ring of ice
 G - an uncursed ring of positive energy
 H - a +2 ring of protection (left hand)
 N - an amulet of the acrobat (around neck)
 Q - a +5 ring of dexterity (right hand)
Wands
 p - a wand of disintegration (5)
 q - a wand of digging (5)
 r - a wand of flame (62)
 C - a wand of paralysis (5)
 I - a wand of iceblast (3)
 P - a wand of polymorph (13)
Scrolls
 k - 2 scrolls of fear
 s - 4 scrolls of magic mapping
 t - 6 scrolls of teleportation
 v - 2 scrolls of fog
 B - a scroll of blinking
 M - 2 scrolls of identify
Potions
 d - 3 potions of heal wounds
 f - 11 potions of curing
 g - a potion of brilliance
 l - 2 potions of agility
 u - 2 potions of flight
 w - a potion of berserk rage
 K - 2 potions of haste
 L - a potion of ambrosia
Comestibles
 c - 20 rations
 R - 2 chunks of flesh


   Skills:
 + Level 12.3 Fighting
 - Level 10.0 Short Blades
 - Level 12.0 Slings
 + Level 9.7 Armour
 + Level 8.2 Dodging
 + Level 9.4 Stealth
 - Level 0.7 Evocations


You had 12 spell levels left.
You didn't know any spells.
Your spell library was empty.

Dungeon Overview and Level Annotations

Branches:
Dungeon (11/15)            Temple (0/1) D:4            Lair (6/6) D:8
  Swamp (0/4) Lair:4        Snake (0/4) Lair:4          Orc (0/2) D:10
Ossuary (visited)
  Slime: Lair:5-6

Altars:
Ashenzari
Cheibriados
Fedhas
Qazlal
Uskayaw
Yredelemnul

Shops:
D:6 *

Annotations:
D:8 2 transporters
Lair:3 exclusion: oklob plant
Lair:5 Rupert


Innate Abilities, Weirdness & Mutations

You are small and have problems with some larger weapons.
You are somewhat resistant to further mutation.


Message History

Rupert hits you with a +3 battleaxe of venom!
* * * LOW HITPOINT WARNING * * *
You hit Rupert but do no damage.
Rupert is moderately wounded.
You feel sick.
You puncture Rupert!
Rupert is moderately wounded.
You feel sick.
Rupert hits you with a +3 battleaxe of venom.
* * * LOW HITPOINT WARNING * * *
You puncture Rupert!
Rupert is moderately wounded.
You feel sick.
Your scale mail prevents you from hitting Rupert.
Rupert is moderately wounded.
You feel sick.
You puncture Rupert!
Rupert is heavily wounded.
Rupert hits you with a +3 battleaxe of venom!!
You die...

##.......#
#...÷...P#
###......#
##........#
#.#.....###
####...####
#≈≈≈≈≈≈≈≈# .
####...#### #.
#.@.P##.# ##.
##.@...P.#
....##......P.##
...#....(....P.#
...............#
..............##
..............#
........(....>#
#..............#


You could see Rupert (berserk).

Vanquished Creatures
  Harold (D:8)
  2 hydras
  A catoblepas (Lair:3)
  2 two-headed ogres
  A deep elf mage (D:10)
  An elephant (Lair:5)
  3 black mambas
  7 spiny frogs
  A gargoyle (D:10)
  3 rime drakes
  5 komodo dragons
  A troll (D:10)
  A hornet (D:9)
  5 blink frogs
  4 hippogriffs
  A bog body (Lair:4)
  A spriggan (D:10)
  28 yaks
  A wraith (Ossuary)
  A wyvern (D:10)
  Grum (D:9)
  3 wargs (D:10)
  A steam dragon (D:8)
  3 nagas (Lair:4)
  5 water moccasins
  14 porcupines
  3 orc warriors
  3 necrophages
  A sky beast (D:8)
  2 black bears
  2 ice beasts
  4 phantoms
  3 ogres
  9 wolves
  2 centaurs
  6 crocodiles
  A big kobold (D:8)
  17 bullfrogs
  6 scorpions
  13 wights
  4 electric eels (Lair:2)
  6 crimson imps
  A centaur zombie (D:9)
  A jelly (D:10)
  2 centaur skeletons
  6 orc wizards
  2 bullfrog skeletons
  3 hounds
  7 orc priests
  3 iguanas
  Ijyb (D:5)
  6 worker ants
  A hound skeleton (D:5)
  A hound zombie (D:7)
  2 mummies
  A howler monkey skeleton (D:10)
  A worker ant zombie (D:9)
  10 adders
  3 gnolls (D:7)
  An ooze (D:2)
  3 adder zombies
  An adder skeleton (D:5)
  4 worms
  5 dart slugs
  4 leopard geckos
  27 orcs
  4 ball pythons
  7 bats
  6 giant cockroaches
  4 goblins
  3 hobgoblins
  10 jackals
  A quokka (D:4)
  3 frilled lizards
  4 gnoll skeletons (Ossuary)
  A jackal skeleton (D:9)
  10 kobolds
  7 kobold skeletons (Ossuary)
  14 orc skeletons (Ossuary)
  2 orc zombies (D:8)
  A quokka skeleton (D:4)
  5 rats
  3 fungi
  A plant (Lair:2)
361 creatures vanquished.

Vanquished Creatures (collateral kills)
  A hydra (Lair:2)
  A spiny frog (Lair:2)
  A hippogriff (Lair:2)
  A crocodile (Lair:2)
  2 killer bees (D:10)
6 creatures vanquished.

Vanquished Creatures (others)
  8 fungi
  4 plants
12 creatures vanquished.

Grand Total: 379 creatures vanquished

Notes
Turn   | Place    | Note
-------+----------+-------------------------------------------
     0 | D:1      | raph the Halfling Berserker began the quest for the Orb.
     0 | D:1      | Reached XP level 1. HP: 15/15 MP: 1/1
   107 | D:1      | Reached XP level 2. HP: 15/20 MP: 2/2
   531 | D:2      | Reached XP level 3. HP: 25/25 MP: 3/3
   705 | D:2      | Reached skill level 5 in Short Blades
  1115 | D:2      | Reached skill level 1 in Stealth
  1200 | D:2      | Reached XP level 4. HP: 30/30 MP: 4/4
  1474 | D:3      | Reached ** piety under Trog
  1556 | D:3      | Found a basalt altar of Yredelemnul.
  1556 | D:3      | Found a blossoming altar of Fedhas.
  1557 | D:3      | Found a hide-covered altar of Uskayaw.
  1764 | D:3      | Reached XP level 5. HP: 35/35 MP: 5/5
  1915 | D:3      | Reached XP level 6. HP: 41/41 MP: 6/6
  1917 | D:3      | You fall into a shaft and drop 3 floors!
  2008 | D:6      | Found Fiuxy's Assorted Antiques.
  2027 | D:6      | Bought a fuming cyan potion for 22 gold pieces
  2027 | D:6      | Bought a scroll labeled RETEHUG REKH for 25 gold pieces
  2030 | D:6      | Noticed an ogre
  2056 | D:5      | Entered Level 5 of the Dungeon
  2118 | D:5      | Found a shattered altar of Ashenzari.
  2237 | D:5      | Reached XP level 7. HP: 44/45 MP: 7/7
  2414 | D:5      | Noticed Ijyb
  2433 | D:5      | Killed Ijyb
  2791 | D:3      | Found a stormy altar of Qazlal.
  2793 | D:3      | Noticed a fire elemental
  2793 | D:3      | Noticed a water elemental
  2793 | D:3      | Noticed an air elemental
  2907 | D:3      | Reached *** piety under Trog
  3212 | D:3      | Found a snail-covered altar of Cheibriados.
  3632 | D:4      | Found a staircase to the Ecumenical Temple.
  4065 | D:4      | Reached skill level 10 in Short Blades
  4065 | D:4      | Reached XP level 8. HP: 47/51 MP: 8/8
  5506 | D:6      | Identified a scroll of acquirement
  5914 | D:6      | Reached skill level 5 in Armour
  5972 | D:6      | Reached XP level 9. HP: 51/57 MP: 9/9
  6006 | D:6      | Bought a knobbly opal ring for 125 gold pieces
  6776 | D:7      | Reached skill level 5 in Stealth
  7286 | D:6      | Bought a ring of protection for 50 gold pieces
  7288 | D:6      | Bought an ivory wand for 100 gold pieces
  7353 | D:8      | Reached **** piety under Trog
  7400 | D:8      | Reached skill level 1 in Slings
  7449 | D:8      | Reached skill level 5 in Fighting
  7464 | D:8      | Found a sand-covered staircase.
  7475 | D:8      | Received a gift from Trog
  7484 | D:8      | Reached skill level 5 in Slings
  7590 | Ossuary  | Entered an ossuary
  7674 | Ossuary  | Reached XP level 10. HP: 68/68 MP: 10/10
  7820 | Ossuary  | Received a gift from Trog
  7959 | D:8      | Found a staircase to the Lair.
  8009 | D:8      | You fall into a shaft and drop 3 floors!
  8015 | D:10     | Entered Level 10 of the Dungeon
  8325 | D:10     | Noticed a two-headed ogre
  8364 | D:10     | Killed a two-headed ogre
  8364 | D:10     | Reached skill level 10 in Slings
  8467 | D:10     | Found a staircase to the Orcish Mines.
  8773 | D:10     | Reached XP level 11. HP: 30/75 MP: 11/11
  9294 | D:10     | Paralysed by fainting for 9 turns
  9478 | D:10     | Received a gift from Trog
  9654 | D:10     | Noticed a deep elf mage
  9671 | D:10     | Killed a deep elf mage
 10483 | D:9      | Reached skill level 10 in Fighting
 10777 | D:9      | Noticed Grum
 10808 | D:9      | Killed Grum
 11157 | D:8      | Noticed a cyan ugly thing
 11159 | D:8      | Found a transporter.
 11159 | D:8      | Noticed a green ugly thing
 11160 | D:8      | Noticed a centaur warrior
 11161 | D:8      | Noticed an orc knight
 11164 | D:8      | Noticed Harold
 11200 | D:8      | Killed Harold
 11401 | D:8      | Received a gift from Trog
 11854 | D:8      | Noticed a two-headed ogre
 11856 | D:8      | Found a transporter.
 11864 | D:8      | Killed a two-headed ogre
 11864 | D:8      | Reached XP level 12. HP: 90/90 MP: 12/12
 11865 | D:8      | Identified the amulet of Fopnoimi {RegenMP rF+}
 12000 | Lair:1   | Entered Level 1 of the Lair of Beasts
 12390 | Lair:1   | Received a gift from Trog
 12390 | Lair:1   | Reached skill level 5 in Dodging
 13641 | Lair:2   | Noticed a six-headed hydra
 13661 | Lair:2   | Killed a six-headed hydra
 15966 | Lair:3   | Noticed a catoblepas
 15993 | Lair:3   | Killed a catoblepas
 15993 | Lair:3   | Reached XP level 13. HP: 96/96 MP: 13/13
 16842 | Lair:3   | Noticed a five-headed hydra
 16856 | Lair:3   | Killed a five-headed hydra
 17451 | Lair:4   | Found a staircase to the Snake Pit.
 17460 | Lair:4   | Got a spiked hat
 17479 | Lair:4   | Identified the +2 hat "Koatyas" {rPois} (You acquired it on
                  | level 4 of the Lair of Beasts)
 17559 | Lair:4   | Found a staircase to the Swamp.
 18540 | Lair:5   | You fall into a shaft and drop 1 floor!
 18540 | Lair:6   | Entered Level 6 of the Lair of Beasts
 18545 | Lair:6   | Noticed a four-headed hydra
 18566 | Lair:6   | Killed a four-headed hydra
 19043 | Lair:5   | Noticed Rupert
 19066 | Lair:5   | Paralysed by Rupert for 4 turns
 19086 | Lair:5   | Slain by Rupert

Levels and vault maps discovered:
D:1:      psy_arrival_dodecagon, layout_basic
D:2:      layout_basic
D:3:      layout_rooms, nicolae_qazlal_style_of_elements,
          nicolae_overflow_quartered_altars, minmay_quantized
D:4:      layout_loops_ring, minmay_temple_entry_junction, first_ration,
          palyth_stone_intersect, chequers_garden
D:5:      layout_loops_corners, nicolae_ashenzari_panopticon, hex_medium,
          grunt_decor_arrowhead, hangedman_decor_lopped, uniq_ijyb
D:6:      layout_basic, serial_shops, nicolae_shop_overgrown_old_shop
D:7:      layout_layer_cave
D:8:      gammafunk_sealed_arena, layout_loops_ring,
          due_lair_maze_entry_diamond, nicolae_ossuary_entry_giza, uniq_harold
D:9:      layout_rooms, serial_undead, serial_undead_a, serial_undead_e,
          serial_undead_d, serial_undead_b, uniq_grum
D:10:     layout_irregular_city, minmay_orc_entry_guard_dogs, grunt_pizzeria
D:11:     layout_basic, uniq_urug
Lair:1:   layout_hall_layers, infiniplex_staircase_pool_2
Lair:2:   layout_layer_cave, beast_lair_carwin_10, serial_bayou_shore_a,
          grunt_megastairs_2, infiniplex_staircase_pool
Lair:3:   minmay_lair_oklob_tunnel, layout_small_grid, beast_lair_carwin_6
Lair:4:   layout_regular_city, skrybe_swamp_entry_bodies,
          guppyfry_snake_entry_island
Lair:5:   layout_cave_pods, minmay_slime_entry_pillars, serial_forest,
          infiniplex_forest_clump_long, infiniplex_forest_clump_medium,
          infiniplex_forest_zigzag_1, infiniplex_forest_clump_C,
          infiniplex_forest_straight_5, infiniplex_forest_end_2, basic_altar,
          chequers_serial_rivers_micro_a, uniq_rupert
Lair:6:   grunt_lair_end_beastmaster, layout_gridlike,
          minmay_lair_oklob_chamber, serial_bayou_shore_b

Skill      XL: |  1  2  3  4  5  6  7  8  9 10 11 12 13 |
---------------+----------------------------------------+-----
Short Blades   | 4 5 6 7 8 10 | 10.0
Stealth        | 1 2 3 4 5 8 9 |  9.4
Fighting       | 3 5 7 11 12 | 12.3
Armour         | 5 6 8 9 |  9.7
Dodging        | 3 4 6 8 |  8.2
Slings         | 5 12 | 12.0
Evocations     | |  0.7

Action                   |  1- 3 |  4- 6 |  7- 9 | 10-12 | 13-15 || total
-------------------------+-------+-------+-------+-------+-------++-------
Melee: Short sword       |    71 |   156 |   139 |       |       ||   366
       Dagger            |       |       |   296 |   966 |   268 ||  1530
 Fire: Hunting sling     |       |       |       |   266 |    95 ||   361
Throw: Boomerang         |       |       |       |       |     1 ||     1
Invok: Berserk           |     2 |     5 |    18 |    18 |     4 ||    47
       Trog's Hand       |       |       |     2 |     5 |     4 ||    11
       Brothers in Arms  |       |       |       |     2 |     1 ||     3
Evoke: Wand              |       |       |     4 |     4 |     1 ||     9
  Use: Scroll            |     6 |     7 |     9 |    11 |     7 ||    40
       Potion            |       |       |       |     3 |       ||     3
 Stab: Sleeping          |     1 |       |     1 |     4 |     5 ||    11
       Invisible         |       |       |       |     2 |       ||     2
  Eat: Chunk             |     3 |     5 |    25 |    22 |     9 ||    64
       Ration            |       |     1 |     3 |     6 |     2 ||    12
Armor: Animal skin       |     8 |       |       |       |       ||     8
       Ring mail         |    11 |    22 |       |       |       ||    33
       Scale mail        |       |    10 |   113 |   215 |    55 ||   393
Dodge: Dodged            |    56 |    93 |   200 |   435 |   187 ||   971
